 Dungeon Crawl Stone Soup version 0.19.0-11-g3fc08b3 (webtiles) character file.

60 Peloso the Skirmisher (level 4, -1/40 HPs)
             Began as a Ghoul Fighter on Nov 10, 2016.
             Slain by a hobgoblin (2 damage)
             ... led by Robin
             ... on level 2 of the Dungeon.
             The game lasted 00:02:42 (1151 turns).

Peloso the Skirmisher (Ghoul Fighter)               Turns: 1151, Time: 00:02:43

Health: -1/40      AC:  9    Str: 24    XL:     4   Next: 4%
Magic:  3/3        EV:  5    Int:  3    God:
Gold:   57         SH:  9    Dex:  9    Spells: 0 memorised, 3 levels left

rFire  . . .     SeeInvis .     a - +0 long sword
rCold  + + .     Gourm    +     n - +0 chain mail
rNeg   + + +     Faith    .     c - +0 shield
rPois  ∞         Spirit   .     (no helmet)
rElec  .         Reflect  .     (no cloak)
rCorr  .         Harm     .     (no gloves)
MR     .....                    (no boots)
Stlth  ..........               g - amulet of the gourmand
                                (no ring)
                                l - ring of protection from cold

@: mighty, rotting
A: rotting body, claws 1, carnivore 3, cold resistance 1, negative energy
resistance 3, slow regeneration 1, torment resistance, unbreathing
a: no special abilities


You were on level 2 of the Dungeon.
You were not hungry.

You visited 1 branch of the dungeon, and saw 2 of its levels.

You collected 57 gold pieces.

Inventory:

Hand Weapons
 a - a +0 long sword (weapon)
Armour
 b - a +0 scale mail
 c - a +0 shield (worn)
 n - a +0 chain mail (worn)
Jewellery
 g - an amulet of the gourmand (around neck)
 l - a ring of protection from cold (left claw)
Scrolls
 e - 2 scrolls of identify {unknown}
 k - a scroll of enchant armour {unknown}
 o - a scroll of fog {unknown}
Potions
 h - a potion of cancellation {unknown}
 i - 2 potions of degeneration {unknown}
 j - a potion of curing {unknown}
 p - a potion of agility {unknown}
Comestibles
 f - 3 meat rations
 m - 2 chunks of flesh


   Skills:
 + Level 3.7 Fighting
 + Level 2.6 Long Blades
 + Level 3.1 Armour
 + Level 0.1 Dodging
 + Level 3.0 Shields


You had 3 spell levels left.
You didn't know any spells.

Dungeon Overview and Level Annotations

Branches:
Dungeon (2/15)

Altars:

Annotations:
D:2 Robin


Innate Abilities, Weirdness & Mutations

Your body is rotting away.
You thrive on raw meat.
You are immune to poison.
You have sharp fingernails.
You are carnivorous and can eat meat at any time.
Your flesh is cold resistant. (rC+)
You are immune to negative energy. (rN+++)
You regenerate slowly when monsters are visible.
You are immune to unholy pain and torment.
You can survive without breathing.


Message History

The goblin barely misses you. You block the goblin's attack.
The hobgoblin hits you.
* * * LOW HITPOINT WARNING * * *
You closely miss the hobgoblin.
The goblin no longer looks unusually strong.
The goblin hits you.
* * * LOW HITPOINT WARNING * * *
The hobgoblin barely misses you.
A hobgoblin comes into view. It is wielding a club.
You slash the goblin!
You kill the goblin!
Robin throws the goblin at you!
* * * LOW HITPOINT WARNING * * *
The hobgoblin hits you but does no damage.
The goblin hits you but does no damage.
Unknown command.
You slice the goblin!!
You kill the goblin!
The hobgoblin hits you.
You die...

#......g....# ###
#...........# #..
#..$.....gg.# ##..
#.........gg# #...
###########.## # #...
#..#.# #... ##.#.# #
#... #####.g..#.# #)..
#.)@gg.....# #...
#.###....### #...
#.#.#....#.. #...
#.#......#.# #.#.
#.#.####...# ##.#.
#..........##..##...
###.#####..##..#....
#.#####......#....
#####.....#..##.##....


You could see Robin and 2 hobgoblins.

Vanquished Creatures
  An adder (D:1)
  A dart slug (D:1)
  A worm (D:1)
  5 bats
  2 giant cockroaches (D:1)
  14 goblins
  5 hobgoblins
  3 kobolds
  A quokka (D:1)
  A frilled lizard (D:1)
  8 rats (D:1)
42 creatures vanquished.

Notes
Turn   | Place    | Note
-------+----------+-------------------------------------------
     0 | D:1      | Peloso the Ghoul Fighter began the quest for the Orb.
     0 | D:1      | Reached XP level 1. HP: 19/19 MP: 0/0
   188 | D:1      | Reached XP level 2. HP: 24/25 MP: 1/1
   680 | D:1      | Reached XP level 3. HP: 27/27 MP: 2/2
  1115 | D:2      | Noticed Robin
  1148 | D:2      | Reached XP level 4. HP: 10/40 MP: 3/3
  1149 | D:2      | HP: 2/40 [goblin[Robin] (5)]
  1151 | D:2      | Slain by a hobgoblin

Skill      XL: |  1  2  3 |
---------------+----------+-----
Long Blades    | 2 |  2.6
Shields        | 3 |  3.0
Armour         | 3 |  3.1
Fighting       | |  3.7
Dodging        | |  0.1

Action                   |  1- 3 |  4- 6 || total
-------------------------+-------+-------++-------
Melee: Long sword        |   120 |     3 ||   123
  Use: Potion            |     1 |       ||     1
  Eat: Chunk             |     6 |       ||     6
Armor: Scale mail        |    77 |       ||    77
       Chain mail        |    17 |     2 ||    19
Dodge: Dodged            |    41 |     2 ||    43
Block: Shield            |    65 |     1 ||    66
       Rpst.: Long sword |    14 |       ||    14
